 Dungeon Crawl Stone Soup version 0.29-a0-322-g68df515428 (webtiles) character file.

Game seed: 16785304022182752064

464 dianekeaton the Basher (level 6, -2/51 HPs)
             Began as a Minotaur Fighter on Apr 9, 2022.
             Slain by Prince Ribbit (12 damage)
             ... on level 5 of the Dungeon.
             The game lasted 00:08:20 (4100 turns).

dianekeaton the Basher (Minotaur Fighter)           Turns: 4100, Time: 00:08:22

Health: -2/51      AC: 13    Str: 22    XL:     6   Next: 80%
Magic:  5/5        EV:  6    Int:  5    God:
Gold:   238        SH:  4    Dex: 10    Spells: 5/5 levels left

rFire   . . .      SeeInvis .   p - +0 flail (elec)
rCold   . . .      Faith    .   c - +0 buckler
rNeg    . . .      Spirit   .   d - +0 plate armour
rPois   .          Reflect  .   (helmet restricted)
rElec   .          Harm     .   k - scarf {repulsion}
rCorr   .          Rampage  .   (no gloves)
Will    .....                   q - +1 pair of boots
Stlth   ..........              (no amulet)
HPRegen 0.17/turn               (no ring)
MPRegen 0.09/turn               (no ring)

@: repel missiles
A: horns 2, retaliatory headbutt
a: no special abilities


You were on level 5 of the Dungeon.
You visited 1 branch of the dungeon, and saw 5 of its levels.

You collected 238 gold pieces.

Inventory:

Hand Weapons
 p - a +0 flail of electrocution (weapon)
Armour
 c - a +0 buckler (worn)
 d - a +0 plate armour (worn)
 k - a scarf of repulsion (worn)
 q - a +1 pair of boots (worn)
 x - a +0 pair of gloves
Jewellery
 n - a ring of flight
 u - a +4 ring of protection
Wands
 l - a wand of flame (17)
Scrolls
 b - a scroll of enchant armour
 s - a scroll of teleportation
 t - a scroll of vulnerability
 w - 2 scrolls of torment
Potions
 a - a potion of lignification
 e - a potion of invisibility
 f - a potion of resistance {unknown}
 g - 3 potions of cancellation {unknown}
 h - a potion of ambrosia {unknown}
 i - a potion of flight {unknown}
 j - a potion of brilliance {unknown}
 m - a potion of mutation {unknown}
 o - a potion of haste {unknown}
 r - a potion of degeneration {unknown}
 v - a potion of berserk rage


   Skills:
 - Level 3.6 Fighting
 + Level 8.8 Maces & Flails
 - Level 3.6 Armour
 - Level 0.3 Dodging
 - Level 0.2 Stealth
 - Level 3.6 Shields


You had 5 spell levels left.
You didn't know any spells.
Your spell library contained the following spells:

 Spells                   Type           Power      Damage    Failure   Level
 Apportation              Tloc           0%         N/A       100%        1
 Alistair's Intoxication  Tmut/Pois      0%         N/A       100%        5


Dungeon Overview and Level Annotations

Branches:
Dungeon (5/15)
 Temple: D:4-7

Altars:

Shops:
D:2 *

Portals:
Ossuary: D:5

Annotations:
D:2 1 runed translucent door, Crazy Yiuf
D:4 Sigmund
D:5 Blork the orc, Ijyb, Prince Ribbit


Innate Abilities, Weirdness & Mutations

You have a pair of horns on your head.
You reflexively headbutt those who attack you in melee.


Message History

Blork the orc attacks as you move away!
Blork the orc hits you with a +4 mace of holy wrath.
Prince Ribbit blinks!
Blork the orc looks braver for a moment.
Ijyb attacks as you move away! Ijyb hits you but does no damage.
Blork the orc barely misses you. Ijyb attacks as you move away!
Ijyb hits you but does no damage.
Blork the orc gestures at you while chanting.
The puff of frost hits you but does no damage.
Prince Ribbit blinks!
Ijyb screams, "Me stronger than you!" Blork the orc attacks as you move away!
Blork the orc barely misses you.
Blork the orc hits you but does no damage.
You hear the hiss of an avalanche of sand very nearby.
Prince Ribbit hits you.
Prince Ribbit hits you but does no damage.
You open the door.
Blork the orc hits you with a +4 mace of holy wrath.
Prince Ribbit hops awkwardly around.
Prince Ribbit barely misses you. You furiously retaliate!
You headbutt Prince Ribbit. Blork the orc barely misses you.
Ijyb barely misses you. You furiously retaliate!
You headbutt Ijyb! Prince Ribbit hits you.
There is an open door here.
Ijyb attacks as you move away! Ijyb completely misses you.
Blork the orc gestures at you while chanting.
The puff of flame is repelled.
Ijyb zaps a wand.
Some rock shatters into small pieces.
You barely miss Prince Ribbit.
Prince Ribbit is lightly wounded.
Blork the orc looks braver for a moment.
You block Prince Ribbit's attack. Prince Ribbit hits you!
* * * LOW HITPOINT WARNING * * *
You barely miss Prince Ribbit.
You headbutt Prince Ribbit, but do no damage.
Prince Ribbit is lightly wounded.
Blork the orc hits you with a +4 mace of holy wrath.
* * * LOW HITPOINT WARNING * * *
Prince Ribbit hits you!
You die...

#...#.................###### ###
#...##................##...#...#
#... #.##+###.........##.>.#.>.#
#... #.. ###....#...#...#...#
##.# #........'#### #+ ..
#....#.#### ... #g...#.#
..>#####oF###.# .......@# .[#
######..# ## #..# #..# ...#
##..# ...# ####


You could see Prince Ribbit, Blork the orc (fast) and Ijyb.

Vanquished Creatures
  A black bear (D:5)
  A scorpion (D:5)
  A hound (D:4)
  2 orc priests (D:3)
  3 orc wizards (D:3)
  3 gnolls (D:2)
  2 adders
  A worm (D:5)
  5 dart slugs
  12 orcs
  7 endoplasms
  2 giant cockroaches
  5 goblins
  7 hobgoblins
  10 quokkas
  4 ball pythons (D:2)
  5 bats
  3 frilled lizards
  8 kobolds
  4 rats
86 creatures vanquished.

Notes
Turn   | Place    | Note
-------+----------+-------------------------------------------
     0 | D:1      | dianekeaton the Minotaur Fighter began the quest for the
                  | Orb.
     0 | D:1      | Reached XP level 1. HP: 19/19 MP: 0/0
     2 | D:1      | Noticed a naga
     2 | D:1      | Noticed a vampire
     4 | D:1      | Noticed a demonspawn
     6 | D:1      | Noticed a demigod
     8 | D:1      | Noticed a felid
    10 | D:1      | Noticed a formicid
    12 | D:1      | Noticed an ogre
    12 | D:1      | Noticed a human
    14 | D:1      | Noticed a gargoyle
    14 | D:1      | Noticed a merfolk
    17 | D:1      | Noticed a spriggan
    17 | D:1      | Noticed a dwarf
    19 | D:1      | Noticed a draconian
    19 | D:1      | Noticed an elf
    21 | D:1      | Noticed a tengu
    21 | D:1      | Noticed a minotaur
    23 | D:1      | Noticed a troll
    23 | D:1      | Noticed an octopode
    25 | D:1      | Noticed a ghoul
    25 | D:1      | Noticed a vine stalker
   218 | D:1      | Found a faded altar of an unknown god.
   231 | D:1      | Reached skill level 3 in Maces & Flails
   233 | D:1      | Reached XP level 2. HP: 26/26 MP: 1/1
   691 | D:1      | Reached skill level 4 in Maces & Flails
  1141 | D:1      | Reached XP level 3. HP: 31/31 MP: 2/2
  1320 | D:2      | Found Zicsutz's Assorted Antiques.
  1794 | D:2      | Reached skill level 5 in Maces & Flails
  1806 | D:2      | Reached XP level 4. HP: 32/39 MP: 3/3
  2080 | D:2      | Found a runed translucent door.
  2081 | D:2      | Noticed Crazy Yiuf
  2525 | D:3      | Reached skill level 6 in Maces & Flails
  2559 | D:3      | Reached XP level 5. HP: 36/45 MP: 4/4
  2934 | D:3      | Reached skill level 7 in Maces & Flails
  3241 | D:3      | Reached XP level 6. HP: 51/51 MP: 5/5
  3872 | D:4      | Noticed Sigmund
  3893 | D:5      | Entered Level 5 of the Dungeon
  3989 | D:5      | Reached skill level 8 in Maces & Flails
  4040 | D:5      | Found a sand-covered staircase.
  4077 | D:5      | Noticed Blork the orc
  4077 | D:5      | Noticed Ijyb
  4079 | D:5      | Noticed Prince Ribbit
  4100 | D:5      | Slain by Prince Ribbit

Illustrated notes

Levels and vault maps discovered:
D:1:      kb_arrival_jail, layout_loops_corners,
          ebering_ecumenical_altar_petrified, kennysheep_pointless_box
D:2:      layout_rooms, serial_shops, shop, uniq_crazy_yiuf_cottage
D:3:      layout_loops_ring
D:4:      layout_basic, dreamdust_princess_bridge, minmay_strange_pillars,
          minmay_increasing_density, uniq_sigmund
D:5:      layout_basic, minmay_temple_entry_nine_rooms,
          nicolae_ossuary_entry_false_entrances,
          hangedman_abyss_or_decor_stagger, uniq_blork_the_orc, uniq_ijyb,
          uniq_prince_ribbit1

Skill      XL: |  1  2  3  4  5  6 |
---------------+-------------------+-----
Maces & Flails | 3 4 5 6 7 8 |  8.8
Fighting       | |  3.6
Armour         | |  3.6
Dodging        | |  0.3
Stealth        | |  0.2
Shields        | |  3.6

Action                   |  1- 3 |  4- 6 || total
-------------------------+-------+-------++-------
Melee: Flail             |    88 |   106 ||   194
       Headbutt          |    10 |    17 ||    27
  Use: Potion            |       |     1 ||     1
       Scroll            |       |     9 ||     9
Armor: Scale mail        |    46 |     8 ||    54
       Plate armour      |       |    51 ||    51
Dodge: Dodged            |    47 |    40 ||    87
       Repelled          |       |     1 ||     1
Block: Buckler           |    17 |    27 ||    44

Table legend: (Time is in decaauts)
 A = Elapsed time spent in this place.
 B = Non-inter-level travel time spent in this place.
 C = Inter-level travel time spent in this place.
 D = Time resting spent in this place.
 E = Time spent auto-exploring this place.
 F = Levels seen in this place.
 G = Mean time per level.
                   A        B        C        D        E       F      G
               +--------+--------+--------+--------+--------+-----+--------+
         Total |   4137 |   3894 |    243 |    636 |   2364 |   5 |  827.4 |
       Dungeon |   4137 |   3894 |    243 |    636 |   2364 |   5 |  827.4 |
               +--------+--------+--------+--------+--------+-----+--------+

Top non-repeatable levels by time:
     D:1: 1420 daAuts
     D:2: 1225 daAuts
     D:3: 1113 daAuts
     D:5: 207 daAuts
     D:4: 169 daAuts
